 Dungeon Crawl Stone Soup version 0.23-a0-635-g88ca12a (webtiles) character file.

217 Leeroy the Slasher (level 5, -4/39 HPs)
             Began as a Barachi Skald on Dec 27, 2018.
             Slain by an iguana (11 damage)
             ... on level 4 of the Dungeon.
             The game lasted 00:06:53 (3453 turns).

Leeroy the Slasher (Barachi Skald)                  Turns: 3453, Time: 00:06:54

Health: -4/39      AC:  4    Str: 12    XL:     5   Next: 94%
Magic:  9/9        EV: 12    Int: 15    God:
Gold:   110        SH:  0    Dex: 11    Spells: 1/8 levels left

rFire    . . .     SeeInvis .   a - +0 falchion
rCold    . . .     Gourm    .   (no shield)
rNeg     . . .     Faith    .   b - +0 leather armour
rPois    .         Spirit   .   (no helmet)
rElec    .         Reflect  .   o - +0 cloak
rCorr    .         Harm     .   (no gloves)
MR       .....                  (no boots)
Stlth    +.........             j - amulet of the acrobat
HPRegen  0.13/turn              (no ring)
MPRegen  0.11/turn              (no ring)

@: slow
A: +LOS, swims, claws 1, high mp 1, slowness 1, strong legs 1
a: Hop


You were on level 4 of the Dungeon.
You were not hungry.

You visited 1 branch of the dungeon, and saw 4 of its levels.

You collected 110 gold pieces.

Inventory:

Hand Weapons
 a - a +0 falchion (weapon)
 n - a +0 hunting sling
 q - a +0 trident
 s - a +0 morningstar
 v - a +0 hunting sling
 x - a +0 dagger
Missiles
 c - 60 stones (quivered)
 h - 37 sling bullets
 p - 3 tomahawks
 w - 22 arrows
Armour
 b - a +0 leather armour (worn)
 k - a +0 chain mail
 l - a +0 chain mail
 o - a +0 cloak (worn)
 u - a +0 ring mail
Jewellery
 j - an amulet of the acrobat (around neck)
 r - an uncursed ring of protection from magic {unknown}
Scrolls
 e - 4 scrolls of identify
 f - a scroll of teleportation {unknown}
 m - a scroll of magic mapping {unknown}
 t - a scroll of remove curse {unknown}
Potions
 i - a potion of mutation
Comestibles
 d - 8 rations
 g - 4 chunks of flesh


   Skills:
 - Level 2.4 Fighting
 + Level 7.1 Long Blades
 - Level 1.2 Armour
 - Level 2.1 Dodging
 - Level 2.1 Spellcasting
 * Level 0.6 Hexes
 - Level 3.2 Charms


You had one spell level left.
You knew the following spells:

 Your Spells              Type           Power        Failure   Level  Hunger
a - Infusion              Chrm           ##..         7%          1    #......
b - Spectral Weapon       Hex/Chrm       #.......     36%         3    ###....
c - Regeneration          Chrm/Necr      #.........   38%         3    ###....

Your spell library contained the following spells:

 Spells                   Type           Power        Failure   Level  Hunger
 Song of Slaying          Chrm           ##......     11%         2    ###....
 Shroud of Golubria       Chrm/Tloc      #.........   22%         2    ###....


Dungeon Overview and Level Annotations

Branches:
Dungeon (4/15)
 Temple: D:4-7

Altars:


Innate Abilities, Weirdness & Mutations

Shadows flee at your approach. (+LOS)
You can swim through water.
You cover ground slowly.
You can hop short distances.
You have sharp fingernails.
You have an increased reservoir of magic. (+10% MP)


Message History

The iguana barely misses you.
You hit the iguana but do no damage.
The iguana is heavily wounded.
You barely miss the iguana.
The iguana is heavily wounded.
The iguana barely misses you.
You hit the iguana.
The iguana is severely wounded.
The iguana bites you!
You hit the iguana but do no damage.
The iguana is severely wounded.
The iguana misses you.
You hit the iguana.
The iguana is almost dead.
The iguana bites you!
* * * LOW HITPOINT WARNING * * *
You closely miss the iguana.
The iguana is almost dead.
The iguana bites you!
You die... ############# #...@l....... #.###########

You could see an iguana.

Vanquished Creatures
  An orc priest (D:3)
  An orc wizard (D:2)
  4 adders
  A gnoll (D:1)
  2 oozes
  A worm (D:2)
  3 dart slugs
  3 leopard geckos
  6 orcs
  15 giant cockroaches
  7 goblins
  9 hobgoblins
  3 jackals (D:2)
  3 kobolds
  2 quokkas
  2 ball pythons
  4 bats
  7 frilled lizards
  8 rats
82 creatures vanquished.

Notes
Turn   | Place    | Note
-------+----------+-------------------------------------------
     0 | D:1      | Leeroy the Barachi Skald began the quest for the Orb.
     0 | D:1      | Reached XP level 1. HP: 17/17 MP: 3/3
    65 | D:1      | Reached skill level 3 in Long Blades
    89 | D:1      | Reached XP level 2. HP: 19/23 MP: 5/5
   324 | D:1      | Reached skill level 4 in Long Blades
   381 | D:1      | Reached XP level 3. HP: 19/28 MP: 6/6
   496 | D:1      | Learned a level 3 spell: Spectral Weapon
  1040 | D:2      | Reached skill level 5 in Long Blades
  1040 | D:2      | Reached XP level 4. HP: 9/34 MP: 7/7
  1388 | D:2      | Learned a level 3 spell: Regeneration
  1838 | D:2      | Gained mutation: You have sharp fingernails. [potion of
                  | mutation]
  1838 | D:2      | Gained mutation: You have an increased reservoir of magic.
                  | (+10% MP) [potion of mutation]
  2900 | D:2      | Reached skill level 6 in Long Blades
  2900 | D:2      | Reached XP level 5. HP: 35/39 MP: 9/9
  3229 | D:3      | Reached skill level 7 in Long Blades
  3453 | D:4      | Slain by an iguana

Vault maps used:
D:1:      nicolae_arrival_somewhat_less_tricky_arrival, corner_web_ring,
          kennysheep_crisscross, chequers_serial_rivers_micro_d
D:3:      minmay_roachtagon, first_ration
D:4:      serial_glass, glass_columns_a, glass_columns_a, item_on_display_a,
          item_on_display_a, uniq_duvessa

Skill      XL: |  1  2  3  4  5 |
---------------+----------------+-----
Long Blades    | 3 4 5 6 7 |  7.1
Fighting       | |  2.4
Armour         | |  1.2
Dodging        | |  2.1
Spellcasting   | |  2.1
Hexes          | |  0.6
Charms         | |  3.2

Action                   |  1- 3 |  4- 6 || total
-------------------------+-------+-------++-------
Melee: Falchion          |   101 |   192 ||   293
       Morningstar       |       |    10 ||    10
Throw: Stone             |       |     3 ||     3
 Cast: Infusion          |       |     1 ||     1
  Use: Scroll            |     1 |       ||     1
       Potion            |       |     2 ||     2
 Stab: Distracted        |       |     1 ||     1
       Sleeping          |       |     1 ||     1
  Eat: Chunk             |     1 |     9 ||    10
Armor: Leather armour    |    31 |    37 ||    68
       Skin              |       |     2 ||     2
Dodge: Dodged            |    68 |   151 ||   219
       Rpst.: Falchion   |    22 |    43 ||    65

Table legend:
 A = Non-vault XP
 B = Vault XP
 C = Vault XP percentage of total XP
 D = Non-vault monster count
 E = Vault monster count
 F = Vault count percentage of total count
                 A         B        C        D         E       F
            +---------+---------+-------+---------+---------+-------
      Total |     284 |      26 |   8.4 |      69 |      13 |  15.9
            +---------+---------+-------+---------+---------+-------
        D:1 |      50 |       0 |   0.0 |      21 |       0 |   0.0
        D:2 |     127 |       0 |   0.0 |      29 |       0 |   0.0
        D:3 |     107 |      26 |  19.5 |      19 |      13 |  40.6
            +---------+---------+-------+---------+---------+-------
